 Dungeon Crawl Stone Soup version 0.29.1-12-g30fa7ad0bf (webtiles) character file.

Game seed: 7278574060950363368

5 FexLirch the Charlatan (level 1, 0/17 HPs)
             Began as a Gnoll Wanderer on Dec 27, 2022.
             Succumbed to a kobold's poison
             ... on level 1 of the Dungeon.
             The game lasted 00:00:52 (297 turns).

FexLirch the Charlatan (Gnoll Wanderer)              Turns: 297, Time: 00:00:53

Health: 0/17       AC:  4    Str: 12    XL:     1   Next: 80%
Magic:  1/1        EV: 11    Int:  9    God:
Gold:   0          SH:  0    Dex: 12    Spells: 0/0 levels left

rFire   . . .      SeeInvis .   a - +1 short sword
rCold   . . .      Faith    .   (no shield)
rNeg    . . .      Spirit   .   d - +0 leather armour
rPois   .          Reflect  .   (no helmet)
rElec   .          Harm     .   (no cloak)
rCorr   .          Rampage  .   f - +0 pair of gloves
Will    .....                   (no boots)
Stlth   ++........              (no amulet)
HPRegen 0.05/turn               (no ring)
MPRegen 0.07/turn               (no ring)

@: lethally poisoned (0 -> -17)
A: fangs 1, strong nose, distributed training
a: no special abilities


You were on level 1 of the Dungeon.
You visited 1 branch of the dungeon, and saw 1 of its levels.

Inventory:

Hand Weapons
 a - a +1 short sword (weapon)
Armour
 d - a +0 leather armour (worn)
 f - a +0 pair of gloves (worn)
Wands
 b - a wand of quicksilver (2) (quivered)
Scrolls
 e - a scroll of noise {unknown}
Potions
 c - a potion of mutation


   Skills:
 + Level 2.4 Fighting
 + Level 6.4 Short Blades
 + Level 0.1 Long Blades
 + Level 0.1 Axes
 + Level 0.1 Maces & Flails
 + Level 0.1 Polearms
 + Level 0.1 Staves
 + Level 0.1 Ranged Weapons
 + Level 0.1 Throwing
 + Level 4.4 Armour
 + Level 0.1 Dodging
 + Level 2.2 Stealth
 + Level 0.1 Shields
 + Level 0.1 Unarmed Combat
 + Level 0.1 Spellcasting
 + Level 0.1 Conjurations
 + Level 0.1 Hexes
 + Level 0.1 Summonings
 + Level 0.1 Necromancy
 + Level 0.1 Translocations
 + Level 0.1 Transmutations
 + Level 0.1 Fire Magic
 + Level 0.1 Ice Magic
 + Level 0.1 Air Magic
 + Level 0.1 Earth Magic
 + Level 0.1 Poison Magic
 + Level 0.2 Invocations
 + Level 6.4 Evocations


You couldn't memorise any spells.
You didn't know any spells.
Your spell library was empty.

Dungeon Overview and Level Annotations

Branches:
Dungeon (1/15)

Altars:


Innate Abilities, Weirdness & Mutations

You have very sharp teeth.
Your uncanny sense of smell can sniff out nearby items.
Your experience applies equally to all skills.


Message History

The bat is severely wounded.
The bat hits you.
You hit the bat.
You kill the bat!
No target in view!
Okay, then.
Unknown command.
You start putting on your armour.
You continue putting on your +0 pair of gloves. x4
You finish putting on your +0 pair of gloves.
A kobold comes into view. It is wielding a +1 dagger of venom.
A kobold is nearby! 2 bats come into view.
The kobold shouts!
The bat barely misses you. The bat closely misses you.
The bat hits you but does no damage. The bat attacks as you move away!
The bat barely misses you. The bat hits you. The bat barely misses you.
The bat misses you. The kobold hits you but does no damage.
You are poisoned.
A rat comes into view.
The bat closely misses you.
You feel sick. The bat barely misses you. The bat hits you but does no damage.
The kobold attacks as you move away! The kobold hits you but does no damage.
You are lethally poisoned!
You feel very sick. The bat barely misses you.
The bat hits you but does no damage.
You hit the bat.
The bat is severely wounded.
You feel sick. The bat barely misses you. The kobold barely misses you.
The bat misses you. The kobold attacks as you move away!
The kobold hits you with a +1 dagger of venom.
You are more poisoned.
* * * LOW HITPOINT WARNING * * *
You feel very sick. The bat barely misses you.
The bat hits you but does no damage. x2
You hit the bat.
You kill the bat!
You die...

..........................
>.....#....##.#..#.......
#...#....##.#..#.......
#........##.#.†#.######
#........##.#..#.# #
#...#....##.#..#.# ...
#...##...##.#..#.###....
#### #....#.###.........
#÷##...†@.K...r....
#######.######.b.........
#...............#.###....
#.#####'#####.....# ...
#.#PPP#.#PPP#.#...# ..
#.#P⌠P#.#P⌠P#.###.. #
#.#PPP#.#PPP#.# ##..
#.#####.#####.# ###
..+....<....+..


You could see a bat, a kobold and a rat.

Vanquished Creatures
  2 bats (D:1)
  A giant cockroach (D:1)
  A hobgoblin (D:1)
  A quokka (D:1)
5 creatures vanquished.

Notes
Turn   | Place    | Note
-------+----------+-------------------------------------------
     0 | D:1      | FexLirch the Gnoll Wanderer began the quest for the Orb.
     0 | D:1      | FexLirch set off with the following items: a +1 short
                  | sword, a wand of quicksilver (2), a potion of mutation, a
                  | +0 leather armour.
     0 | D:1      | Reached XP level 1. HP: 17/17 MP: 1/1
   297 | D:1      | Succumbed to a kobold's poison

Illustrated notes

Levels and vault maps discovered:
D:1:      beargit_arrival_greenhouse, layout_basic, serial_shops, shop,
          dreamdust_ecumenical_altar_drowned_temple,
          chequers_serial_rivers_room_b

Action                   || total
-------------------------++-------
Melee: Short sword       ||    17
       Bite              ||     1
Armor: Leather armour    ||    13
Dodge: Dodged            ||    21
